 Dungeon Crawl Stone Soup version 0.11.3 (webtiles) character file.

2804 CodaKJazz the Fighter (level 9, -12/63 HPs)
             Began as a Sludge Elf Stalker on June 11, 2023.
             Was an Elder of Nemelex Xobeh.
             Mangled by an orc knight
             ... wielding a -1,+0 orcish broad axe
              (21 damage)
             ... in a bailey.
             The game lasted 01:13:13 (12712 turns).

CodaKJazz the Fighter (Sludge Elf Stalker)         Turns: 12712, Time: 01:13:13

HP -12/63        AC  7     Str 16 (18) XL: 9   Next: 55%
MP   0/20        EV  7     Int 11      God: Nemelex Xobeh [****..]
Gold 250         SH  0     Dex 15      Spells:  5 memorised,  3 levels left

Res.Fire  : . . .   See Invis. : .   a - +2,+3 orc dagger (speed) (curse)
Res.Cold  : . . .   Warding    : .   g - -4 scale mail of the Beginning {rPois Int- Life Prot.: . . . Conserve : . (no shield)
Res.Poison: +       Res.Corr.  : .   x - +2 dwarf helmet
Res.Elec. : .       Clarity    : .   c - +1 elf cloak
Sust.Abil.: . .     Spirit.Shd : +   (no gloves)
Res.Mut.  : .       Stasis     : .   (no boots)
Res.Rott. : .       Ctrl.Telep.: .   S - cursed amulet of guardian spirit
Saprovore : . . .   Levitation : .   (no ring) Ctrl.Flight: .
                                     I - ring of levitation

@: about to teleport, somewhat resistant to hostile enchantments, unstealthy
A: Str +2, Int +1
a: Draw One, Peek at Two, Triple Draw, Deal Four, Renounce Religion, Evoke
Levitation


You were in a bailey.
You worshipped Nemelex Xobeh.
Nemelex Xobeh was extremely pleased with you.
You were hungry.

You visited 2 branches of the dungeon, and saw 12 of its levels.
You also visited: Sewer and Bailey.

You collected 334 gold pieces.
You spent 60 gold pieces at shops.

Inventory:

Hand weapons
 a - a cursed +2,+3 orcish dagger of speed (weapon)
 b - a -3,+0 sling
 p - a +2,+0 sling
 t - a +2,+0 elven short sword
 A - a +0,+2 orcish dagger of venom
Missiles
 h - 43 stones
 l - 50 darts
 m - 6 curare-tipped needles
 y - 26 poisoned needles
 J - 2 darts of frost (quivered)
Armour
 c - a +1 elven cloak (worn)
 g - the cursed -4 scale mail of the Beginning (worn) {rPois Int-2}
   (You found it on level 5 of the Dungeon)

   It affects your intelligence (-2).
   It protects you from poison.
   It has a curse placed upon it.
 x - a +2 dwarven helmet (worn)
 Y - a +0 leather armour
Magical devices
 r - a wand of cold (0)
 L - a wand of slowing (0)
Comestibles
 f - 2 bread rations
 s - 2 chunks of orc flesh
Scrolls
 j - 4 scrolls of teleportation
 B - a scroll of enchant weapon II
 D - a scroll of identify
 G - 4 scrolls of noise
 M - a scroll of amnesia
 V - 2 scrolls of curse jewellery
 Z - 3 scrolls of random uselessness
Jewellery
 I - a ring of levitation (left hand)
 S - a cursed amulet of guardian spirit (around neck)
Potions
 i - 2 potions of speed
 n - 5 potions of water
 q - 8 potions of curing
 v - a potion of heal wounds
 z - a potion of mutation
 C - a potion of restore abilities
 E - a potion of agility
 N - a potion of brilliance
 X - 2 potions of levitation
Books
 d - a book of Stalking

   Spells                             Type                      Level
   *Fulsome Distillation              Transmutation/Necromancy     1
   *Evaporate                         Fire/Transmutation           2
   *Passwall                          Transmutation/Earth          3
   *Petrify                           Transmutation/Earth          4
   *Dig                               Transmutation/Earth          4
Miscellaneous
 e - an ornate deck of destruction {drawn: 2} {god gift}
 k - a plain deck of destruction {drawn: 5} {god gift}
 o - a crystal ball of energy
 u - a legendary deck of destruction {drawn: 4} {god gift}


   Skills:
 + Level 10.4 Fighting
 - Level 0.8 Short Blades
 - Level 3.4 Throwing
 - Level 4.3 Dodging
 - Level 2.2 Stealth
 - Level 2.0 Stabbing
 - Level 1.0 Traps & Doors
 - Level 4.5 Spellcasting
 - Level 5.2 Transmutations
 - Level 2.0 Fire Magic
 - Level 1.5 Earth Magic
 - Level 1.3 Evocations


You had 3 spell levels left.
You knew the following spells:

 Your Spells              Type           Power        Failure   Level  Hunger
a - Petrify               Trmt/Erth      ##.......    100%        4    ####...
p - Passwall              Trmt/Erth      ##........   91%         3    ###....
x - Evaporate             Fire/Trmt      ###....      58%         2    ##.....
z - Fulsome Distillation  Trmt/Necr      N/A          58%         1    None
D - Dig                   Trmt/Erth      ##.......    100%        4    ####...


Dungeon Overview and Level Annotations

Branches:
Dungeon (11/27)            Temple (1/1) D:7
    Orc: D:6-11        Lair: D:8-13

Altars:
Ashenzari
Cheibriados
Fedhas
Kikubaaqudgha
Makhleb
Nemelex Xobeh
Okawaru
Sif Muna
Vehumet
Xom
Yredelemnul

Shops:
D:4: % D:6: * D:7: (

Annotations
D:3 exclusion: downstairs
D:6 exclusions: 4 doors and downstairs


Innate Abilities, Weirdness & Mutations

Your mind is acute (Int +1).
Your muscles are strong (Str +2).


Message History

Unknown command.
Use which ability? (? or * to list) Draw from which deck? (? for menu, Esc to quit)
You draw a card...
It is Frost.
You have drawn Frost.
Press: ? - help, Shift-Dir - straight line, f/p - orc knight
Aim: an orc knight, wielding an orcish broad axe (lightly wounded)
The shard of ice misses the orc knight.
The orc knight hits you with an orcish broad axe!
* * * LOW HITPOINT WARNING * * *
Read which item? (? for menu, Esc to quit)
As you read the scroll of teleportation, it crumbles to dust.
You feel strangely unstable.
The orc knight hits you with an orcish broad axe!
* * * LOW HITPOINT WARNING * * *
Drink which item? (? for menu, Esc to quit)
You feel better.
The orc knight hits you with an orcish broad axe!
You die...
Your body disappears without a glow.

♣♣♣♣.♣.♣♣♣♣♣
###.#'#.....##
♣♣.......♣♣###.....###.###
♣♣♣♣......##.........###
♣♣♣.......#...........#
♣♣........'...........#
♣♣...∩.∩..'.....⌠.....#
♣♣♣.......'...........#
♣♣........#....o......#
♣♣♣.......##...@.....###
♣♣♣......♣♣###.....###.###
# ♣♣♣♣♣♣♣♣♣♣♣
###.#'#.....### ###
♣♣♣♣♣♣♣♣♣♣
###....o§§..###..
#.....)§§...#...
#......§.(..#...
#.....⌠.....#...
#.....).....'...
#...........#...


You could see an orc knight.

Vanquished Creatures
  A hungry ghost (D:10)
  14 orc warriors
  A sky beast (D:9)
  An ogre (D:5)
  A big kobold (Sewer)
  4 centaurs
  2 crimson imps
  A big kobold skeleton (D:7)
  3 hounds
  A hound skeleton (D:10)
  2 scorpions
  A big fish (Sewer)
  A hound zombie (D:8)
  An orc priest (D:3)
  4 orc wizards
  4 worker ants
  An iguana (D:6)
  8 adders
  12 gnolls
  An iguana zombie (D:6)
  An adder zombie (D:6)
  A giant centipede (D:10)
  A giant mite (D:1)
  An adder skeleton (D:5)
  4 worms
  2 bat skeletons (D:4)
  2 giant eyeballs
  3 giant geckos
  30 orcs
  5 ball pythons
  9 bats
  2 giant cockroaches
  35 goblins
  4 grey rats
  19 hobgoblins
  4 jackals
  13 kobolds
  An ooze (D:3)
  2 quokkas
  A giant gecko skeleton (D:4)
  5 giant newts
  A jackal skeleton (D:3)
  A jackal zombie (D:3)
  13 rats
  A rat skeleton (D:5)
  2 fungi
  2 toadstools
229 creatures vanquished.

Vanquished Creatures (others)
  A centaur (D:8)
  An orc wizard (D:7)
  A gnoll (D:10)
  A human (D:3)
  A grey rat (D:4)
  2 orcs
  A jackal (D:3)
  A toadstool (Bailey)
9 creatures vanquished.

Grand Total: 238 creatures vanquished

Notes
Turn   | Place    | Note
--------------------------------------------------------------
     0 | D:1      | CodaKJazz, the Sludge Elf Stalker, began the quest for the Orb.
     0 | D:1      | Reached XP level 1. HP: 13/13 MP: 1/1
   322 | D:1      | Reached XP level 2. HP: 18/18 MP: 3/3
   818 | D:1      | Learned a level 2 spell: Evaporate
   959 | D:2      | Reached skill level 3 in Transmutations
   959 | D:2      | Reached skill level 1 in Fire Magic
   959 | D:2      | Reached XP level 3. HP: 24/24 MP: 4/4
  1153 | D:3      | Found a basalt altar of Yredelemnul.
  1546 | D:2      | Reached XP level 4. HP: 25/29 MP: 4/6
  1757 | D:4      | Found Pechoun's Food Emporium.
  2057 | D:4      | Found a glowing drain.
  2070 | Sewer    | Entered a sewer
  2168 | Sewer    | Reached skill level 4 in Transmutations
  2168 | Sewer    | Reached XP level 5. HP: 31/34 MP: 4/10
  2208 | Sewer    | Noticed a big kobold
  2273 | Sewer    | Killed a big kobold
  2279 | Sewer    | Learned a level 3 spell: Passwall
  2374 | Sewer    | Found a white marble altar of Elyvilon.
  2637 | D:4      | Found a deep blue altar of Sif Muna.
  2945 | D:3      | Reached skill level 5 in Transmutations
  2975 | D:3      | Reached XP level 6. HP: 37/40 MP: 11/13
  3004 | D:3      | Reached skill level 1 in Throwing
  3603 | D:4      | Noticed an ogre
  3766 | D:5      | Entered Level 5 of the Dungeon
  4396 | D:5      | HP: 1/40 [poisoned by a kobold]
  5219 | D:6      | Found Skaboreg's General Store.
  5229 | D:6      | Bought a scroll of remove curse for 33 gold pieces
  5229 | D:6      | Bought an apple for 8 gold pieces
  5327 | D:6      | Bought a slice of pizza for 19 gold pieces
  5586 | D:7      | Reached XP level 7. HP: 28/45 MP: 12/16
  6025 | D:7      | Found a staircase to the Ecumenical Temple.
  6033 | Temple   | Entered the Ecumenical Temple
  6046 | Temple   | Became a worshipper of Nemelex Xobeh
  6156 | D:5      | Received a gift from Nemelex Xobeh
  6507 | D:3      | Gained mutation: Your muscles are strong (Str +1). [helix card]
  6752 | D:2      | Reached skill level 1 in Evocations
  6783 | D:2      | Learned a level 4 spell: Dig
  6790 | D:2      | Learned a level 4 spell: Petrify
  7364 | D:3      | Acquired Nemelex Xobeh's first power
  8042 | D:5      | Reached skill level 1 in Earth Magic
  8221 | D:5      | Got a brightly glowing scale mail
  8233 | D:5      | Identified the cursed -4 scale mail of the Beginning (You found it on level 5 of the Dungeon)
  8845 | D:6      | Shuffle card: Str 16[17], Int 10[8], Dex 15[15]
  8846 | D:6      | Received a gift from Nemelex Xobeh
  8854 | D:6      | Gained mutation: Your mind is acute (Int +1). [potion of gain intelligence]
  8855 | D:6      | Gained mutation: Your muscles are strong (Str +2). [potion of gain strength]
  8857 | D:6      | Reached skill level 1 in Traps & Doors
  8857 | D:6      | Reached XP level 8. HP: 49/52 MP: 1/19
  9653 | D:6      | Reached skill level 5 in Fighting
  9776 | D:6      | You fall through a shaft!
  9781 | D:7      | Paralysed by a giant eyeball for 3 turns
 10033 | D:7      | Found Joyngasa's Antique Weapon Boutique.
 10057 | D:7      | Acquired Nemelex Xobeh's second power
 10166 | D:8      | Reached skill level 6 in Fighting
 10254 | D:8      | Found a burning altar of Makhleb.
 10518 | D:8      | Noticed a hill giant
 10643 | D:10     | Entered Level 10 of the Dungeon
 10863 | D:10     | Reached skill level 7 in Fighting
 10892 | D:11     | Found a snail-covered altar of Cheibriados.
 11180 | D:9      | Acquired Nemelex Xobeh's third power
 11222 | D:9      | Reached skill level 8 in Fighting
 11243 | D:9      | Found a flagged portal.
 11289 | Bailey   | Entered a bailey
 11457 | Bailey   | Received a gift from Nemelex Xobeh
 11640 | Bailey   | Reached XP level 9. HP: 47/61 MP: 14/20
 11761 | Bailey   | Reached skill level 9 in Fighting
 12159 | Bailey   | Acquired Nemelex Xobeh's fourth power
 12162 | Bailey   | Received a gift from Nemelex Xobeh
 12644 | Bailey   | Reached skill level 10 in Fighting
 12700 | Bailey   | Noticed an orc knight
 12711 | Bailey   | HP: 2/63 [orc knight/orcish broad axe (13)]
 12712 | Bailey   | Mangled by an orc knight
